 Dungeon Crawl Stone Soup version 0.31-a0-1616-gbeaec30b81 (webtiles) character file.

Game seed: 14404514869633770741

2794595 arvidsem the Conqueror (level 26, 266/266 HPs)
             Began as a Minotaur Fighter on Dec 18, 2023.
             Was the Champion of Qazlal.
             Escaped with the Orb
             ... and 4 runes on Jan 10, 2024!
             The game lasted 02:53:31 (52664 turns).

arvidsem the Conqueror (Minotaur Fighter)          Turns: 52664, Time: 02:53:31

Health: 266/266    AC: 58    Str: 40    XL:     26   Next: 86%
Magic:  33/33      EV: 24    Int:  5    God:    Qazlal [******]
Gold:   4734       SH:  8    Dex: 20    Spells: 25/25 levels left

rFire   . . .        a - +9 executioner's axe (spect)
rCold   + . .        (shield currently unavailable)
rNeg    . . .        c - +13 crystal plate armour {rC+}
rPois   .            Y - +2 hat
rElec   +            p - +4 dragonskin cloak
rCorr   .            L - +1 pair of gloves {Dex+3}
SInv    .            f - +1 pair of boots "Sathotab" {Regen+ Dex+2 Stlth+}
Will    ++...        l - amulet of regeneration Stlth
                     w - ring of Vyvawn Vaseu {rElec Will+ Str+3 Slay+3}
HPRegen 2.24/turn    I - ring of the Sun {rElec Str+6 Dex+3}
MPRegen 0.23/turn

%: repel missiles
@: studying 2 skills
A: horns 2, retaliatory headbutt, fangs 1, mutation resistance 1
0: Orb of Zot
}: 4/15 runes: serpentine, barnacled, slimy, silver
a: Renounce Religion, Upheaval, Elemental Force, Disaster Area


You escaped.
You worshipped Qazlal.
Qazlal was exalted by your worship.
You visited 11 branches of the dungeon, and saw 52 of its levels.
You visited the Abyss 2 times.
You also visited: Trove, Gauntlet and Ice Cave.

You collected 6901 gold pieces.
You spent 2167 gold pieces at shops.

Inventory:

Hand Weapons
 a - a +9 spectral executioner's axe (weapon)
 b - the +8 longbow "Zephyr" {speed, Dex+3 SInv}
   (You found it in a treasure trove)

   Dex+3:     It affects your dexterity (+3).
   SInv:      It lets you see invisible.
Missiles
 y - 16 silver javelins
 D - 15 javelins
Armour
 c - a +13 crystal plate armour of cold resistance (worn)
 f - the +1 pair of boots "Sathotab" (worn) {Regen+ Dex+2 Stlth+}
   (You found it on level 4 of the Realm of Zot)

   Dex+2:     It affects your dexterity (+2).
   Regen+:    It increases your rate of health regeneration.
   Stlth+:    It makes you more stealthy.
 p - the +4 dragonskin cloak (worn)
   (You took it off Tiamat on level 1 of the Realm of Zot)

   Avatar's Aegis: It grants the wearer a chance to resist fire, cold, poison,
   electricity, acid, and negative energy.
 H - a +2 tower shield of cold resistance
 L - a +1 pair of gloves of dexterity (worn)
 O - the +2 pair of gloves of Moral Flaws {+Blink Will- Regen+ Dex+7}
   (You found it on level 5 of the Vaults)

   Dex+7:     It affects your dexterity (+7).
   Will-:     It decreases your willpower.
   +Blink:    It lets you blink.
   Regen+:    It increases your rate of health regeneration.
 Y - a +2 hat (worn)
Jewellery
 g - the ring "Iqenet" {rElec rC+ Int-2 Dex+7 Slay+2}
   (You found it on level 5 of the Realm of Zot)

   [ring of protection from cold]

   Int-2:     It affects your intelligence (-2).
   Dex+7:     It affects your dexterity (+7).
   Slay+2:    It affects your accuracy & damage with ranged weapons and melee
   (+2).
   rC+:       It protects you from cold.
   rElec:     It insulates you from electricity.
 h - a ring of flight
 l - an amulet of regeneration (around neck)
 w - the ring of Vyvawn Vaseu (left hand) {rElec Will+ Str+3 Slay+3}
   (You found it on level 4 of the Lair of Beasts)

   [ring of willpower]

   Str+3:     It affects your strength (+3).
   Slay+3:    It affects your accuracy & damage with ranged weapons and melee
   (+3).
   rElec:     It insulates you from electricity.
   Will+:     It increases your willpower.
 I - the ring of the Sun (right hand) {rElec Str+6 Dex+3}
   (You found it in an ice cave)

   [ring of strength]

   Str+6:     It affects your strength (+6).
   Dex+3:     It affects your dexterity (+3).
   rElec:     It insulates you from electricity.
 M - an amulet of faith
 Z - a ring of see invisible
Wands
 k - a wand of flame (37)
 m - a wand of digging (16)
 o - a wand of iceblast (58)
 u - a wand of charming (49)
 E - a wand of quicksilver (13)
 G - a wand of polymorph (22)
 R - a wand of mindburst (19)
Scrolls
 i - 4 scrolls of silence
 j - 21 scrolls of teleportation
 n - a scroll of enchant weapon
 t - 7 scrolls of fear
 v - 9 scrolls of blinking
 A - 2 scrolls of fog
 N - 4 scrolls of brand weapon
 U - 7 scrolls of poison
 V - a scroll of revelation
Potions
 d - 12 potions of might
 e - 10 potions of heal wounds
 q - 10 potions of berserk rage
 r - 6 potions of invisibility
 x - 7 potions of resistance
 z - 5 potions of cancellation
 B - 3 potions of enlightenment
 J - 10 potions of curing
 P - a potion of magic
 Q - 6 potions of brilliance
 T - 7 potions of haste
 X - 2 potions of mutation


   Skills:
 O Level 27 Fighting
 O Level 27 Axes
 - Level 15.3 Ranged Weapons
 O Level 27 Armour
 + Level 25.4 Dodging
 - Level 5.4 Shields
 - Level 15.0 Invocations


You had 25 spell levels left.
You didn't know any spells.
Your spell library contained the following spells:

 Spells                   Type           Power      Damage    Failure   Level
 Apportation              Tloc           0%         N/A       88%         1
 Freeze                   Ice            0%         1d3       88%         1
 Magic Dart               Conj           0%         1d3       88%         1
 Necrotise                Necr           0%         1d4       88%         1
 Sting                    Conj/Alch      0%         1d3       88%         1
 Summon Small Mammal      Summ           0%         N/A       88%         1
 Blink                    Tloc           0%         N/A       96%         2
 Call Imp                 Summ           0%         N/A       96%         2
 Ensorcelled Hibernation  Hex/Ice        0%         N/A       96%         2
 Jinxbite                 Hex            0%         N/A       96%         2
 Lesser Beckoning         Tloc           0%         N/A       96%         2
 Mercury Vapours          Alch/Air       0%         N/A       96%         2
 Momentum Strike          Conj/Tloc      0%         3d8       96%         2
 Scorch                   Fire           0%         2d5       96%         2
 Sublimation of Blood     Necr           0%         N/A       96%         2
 Call Canine Familiar     Summ           0%         N/A       99%         3
 Frozen Ramparts          Ice            0%         1d1       99%         3
 Fugue of the Fallen      Necr           0%         N/A       99%         3
 Hailstorm                Conj/Ice       0%         3d5       99%         3
 Inner Flame              Hex/Fire       0%         N/A       99%         3
 Ozocubu's Armour         Ice            0%         N/A       99%         3
 Passwall                 Erth           0%         N/A       99%         3
 Sigil of Binding         Hex            0%         N/A       99%         3
 Stone Arrow              Conj/Erth      0%         3d7       99%         3
 Swiftness                Air            0%         N/A       99%         3
 Vampiric Draining        Necr           0%         2d6       99%         3
 Volatile Blastmotes      Fire/Tloc      0%         2d10      99%         3
 Anguish                  Hex/Necr       0%         N/A       100%        4
 Animate Armour           Summ/Erth      0%         N/A       100%        4
 Animate Dead             Necr           0%         N/A       100%        4
 Dimensional Bullseye     Hex/Tloc       0%         N/A       100%        4
 Flame Wave               Conj/Fire      0%         2d4       100%        4
 Fulminant Prism          Conj/Alch      0%         3d5       100%        4
 Ignite Poison            Fire/Alch      0%         N/A       100%        4
 Iskenderun's Mystic Bla  Conj/Tloc      0%         2d3       100%        4
 Manifold Assault         Tloc           0%         N/A       100%        4
 Martyr's Knell           Necr/Summ      0%         N/A       100%        4
 Olgreb's Toxic Radiance  Alch           0%         N/A       100%        4
 Sticky Flame             Fire/Alch      0%         2d4       100%        4
 Summon Blazeheart Golem  Fire/Summ      0%         N/A       100%        4
 Summon Lightning Spire   Summ/Air       0%         N/A       100%        4
 Vhi's Electric Charge    Tloc/Air       0%         N/A       100%        4
 Arcjolt                  Conj/Air       0%         1d10      100%        5
 Curse of Agony           Necr           0%         N/A       100%        5
 Fireball                 Conj/Fire      0%         3d3       100%        5
 Freezing Cloud           Conj/Ice/Air   0%         6-21      100%        5
 Lee's Rapid Deconstruct  Erth           0%         3d4*      100%        5
 Silence                  Hex/Air        0%         N/A       100%        5
 Summon Forest            Summ/Tloc      0%         N/A       100%        5
 Yara's Violent Unravell  Hex/Alch       0%         3d3       100%        5
 Dispersal                Tloc           0%         N/A       100%        6
 Eringya's Noxious Bog    Alch           0%         4d6       100%        6
 Summon Cactus Giant      Summ           0%         N/A       100%        6
 Enfeeble                 Hex            0%         N/A       100%        7
 Haunt                    Necr/Summ      0%         N/A       100%        7
 Orb of Destruction       Conj           0%         9d5       100%        7
 Spellforged Servitor     Conj/Summ      0%         N/A       100%        7
 Summon Hydra             Summ           0%         N/A       100%        7
 Disjunction              Tloc           0%         N/A       100%        8
 Ignition                 Fire           0%         3d3       100%        8
 Infestation              Necr           0%         N/A       100%        8
 Lehudib's Crystal Spear  Conj/Erth      0%         10d2      100%        8
 Maxwell's Capacitive Co  Air            0%         ∞         100%        8
 Chain Lightning          Conj/Air       0%         N/A       100%        9
 Fire Storm               Conj/Fire      0%         5d1       100%        9
 Shatter                  Erth           0%         3d5*      100%        9


Dungeon Overview and Level Annotations

Branches:
Dungeon (15/15)            Temple (1/1) D:5            Lair (5/5) D:8
 Shoals (4/4) Lair:2        Snake (4/4) Lair:3        Slime (5/5) Lair:5
    Orc (2/2) D:11            Elf (2/3) Orc:2        Vaults (5/5) D:14
  Crypt (0/3) Vaults:3     Depths (4/4) D:15            Zot (5/5) Depths:4
  IceCv (visited)         Gauntlet (visited)

Altars:
Ashenzari
Cheibriados
Dithmenos
Elyvilon
Fedhas
Gozag
Hepliaklqana
Kikubaaqudgha
Makhleb
Nemelex Xobeh
Okawaru
Qazlal
Ru
Sif Muna
Trog
Uskayaw
Vehumet
Wu Jian
Xom
Yredelemnul
Zin
The Shining One
Jiyva

Shops:
D:4 (   D:5 *   D:15 =   Orc:2 *((?   Elf:1 =   Shoals:3 **   Snake:1 [*=(:
Snake:2 :   Snake:3 (   Snake:4 *??   Vaults:3 =   Depths:1 **

Portals:
Hell: Depths:1 Depths:2 Depths:3 Depths:4
Abyss: Depths:1 Depths:3 Depths:4
Pandemonium: Depths:2 Depths:3
Ziggurat: Depths:1

Annotations:
D:9 4 transporters
Shoals:1 2 transporters


Innate Abilities, Weirdness & Mutations

You have a pair of horns on your head.
You reflexively headbutt those who attack you in melee.
You have very sharp teeth.
You are somewhat resistant to further mutation.


Message History

You headbutt the demonspawn blood saint!!
The demonspawn blood saint is moderately wounded.
You slice the demonspawn blood saint!!
Your +9 spectral executioner's axe barely misses the demonspawn blood saint. x2
Your +9 spectral executioner's axe hits the demonspawn blood saint!
You cut the demonspawn blood saint into ribbons!!!
You kill the demonspawn blood saint!
Qazlal accepts your kill.
You barely miss the demonspawn blood saint.
Your +9 spectral executioner's axe hits the demonspawn blood saint!!!
You kill the demonspawn blood saint!
Qazlal accepts your kill.
Your +9 spectral executioner's axe is engulfed in freezing vapours.
You swap places.
Your +9 spectral executioner's axe disappears.
The blizzard demon waves its arms in wide circles.
The air twists around and strikes you.
There is an open door, spattered with blood here.
The blizzard demon gestures at you.
The bolt of cold hits you but does no damage.
You feel protected from cold.
There is a stone staircase leading up here.
You climb upwards.
There is a stone staircase leading down here.
Your protection from cold is fading.
Your extra speed is starting to run out.
You feel less protected from cold.
You feel yourself slow down.
Things that are here:
a stone; a +0 dagger A demonic crawler comes into view.
The demonic crawler gives a hideous shriek!
There is a staircase leading out of the dungeon here.
You carve the demonic crawler like a ham!!!
The demonic crawler is severely wounded.
Your +9 spectral executioner's axe hits the demonic crawler!!!
You kill the demonic crawler!
Qazlal accepts your kill.
Your +9 spectral executioner's axe disappears.
You have escaped! ###############...##########.##.. # PP.♣P#...#.PPPP #.##.. ###### PPPPP#.(.#P.P #.##.. .....# .♣PP.#...#.♣♣♣P #.##.. .....# ♣PPPP#§..#PPPPP #.##.. .....# P..PP#...#PPPPP

#.##.. .....#
♣.PP♣#°..#P.P♣♣
#.#### .....#
P♣♣PP#..○#..PPP
#.#... .....#
PPPP.#○@.#P♣♣PP
#.#... .....#
P.PP.#.†.#♣.PPP
#..... .....#
♣P.PP#○..#P♣PP.
#.#... .....#


PPPP.#...#PPPP♣ #..... ###### ♣P♣♣.#...#PPPP. ##.... ♣P ♣P#...#P♣P.♣ #....
PPP#...#P♣.PP #.### ..P♣#...#P. .. #...# #### #...# ###########.. There were no
monsters in sight!

Vanquished Creatures
  A pandemonium lord (Zot:5)
  the Royal Jelly (Slime:5)
  4 orbs of fire (Zot:5)
  7 dread liches
  Tiamat (Zot:1)
  An ancient lich (Zot:5)
  Mennas (Vaults:2)
  Mara (Vaults:3)
  The ghost of Feng the Slayer, a veteran OnBe of Trog (Zot:1)
  Vv (Zot:1)
  5 Killer Klowns (Zot:5)
  Saint Roka (Snake:3)
  2 curse toes
  Nikola (Snake:2)
  The ghost of ChongLi the Dancer, a veteran DsDe of Uskayaw (Zot:1)
  7 golden dragons
  Norris (Elf:1)
  A bone dragon (Depths:4)
  A Tzitzimitl (Zot:2)
  3 electric golems
  A walking crystal tome (Depths:2)
  16 tentacled monstrosities
  3 liches
  Asterion (Elf:1)
  2 Hell Sentinels
  2 walking frostbound tomes
  6 quicksilver dragons
  7 titans
  8 sphinxes
  26 Orb Guardians
  2 walking divine tomes (Depths:2)
  17 acid blobs
  5 death cobs
  6 tentacled starspawn
  Kirke (D:14)
  10 shadow dragons
  Frances (D:14)
  Aizul (Snake:2)
  Ilsuiw (Shoals:4)
  10 storm dragons
  4 tengu reavers
  11 draconian monks
  4 protean progenitors
  5 nagarajas
  9 fire giants
  2 draconian knights
  15 azure jellies
  9 draconian shifters
  10 rockslimes
  2 balrugs
  6 frost giants
  2 deep elf sorcerers (Elf:1)
  An emperor scorpion (D:15)
  5 draconian scorchers
  2 ghost moths (Zot:5)
  11 draconian annihilators
  10 draconian stormcallers
  9 quicksilver oozes
  3 spriggan defenders
  17 vault wardens
  An orc warlord (Vaults:1)
  22 ironbound preservers
  20 very ugly things
  The ghost of Ewuvia the Spry, an adept FeSh of Gozag (Snake:1)
  The ghost of avis the Spry, an adept FeSh of Gozag (Shoals:3)
  2 reapers
  2 demonspawn blood saints (D:2)
  5 vampire knights
  Nessos (D:12)
  18 stone giants
  10 ironbound thunderhulks
  6 formless jellyfish
  2 deep elf death magi
  13 green draconians
  A minotaur (Gauntlet)
  5 white draconians
  2 lorocyprocas
  2 bunyips (Zot:4)
  3 war gargoyles
  19 black draconians
  19 purple draconians
  6 deep elf demonologists
  7 dire elephants
  11 red draconians
  14 yellow draconians
  12 spark wasps
  4 merfolk javelineers
  An eidolon (Abyss:3)
  11 merfolk impalers
  17 yaktaur captains
  Josephine (Orc:1)
  9 ettins
  A blizzard demon (Abyss:3)
  2 deep elf high priests (Vaults:5)
  10 fire dragons
  3 entropy weavers
  A peacekeeper (Vaults:2)
  7 spriggan air magi
  35 vault guards
  A hell beast (Depths:1)
  8 great orbs of eyes
  6 hydras
  4 ice dragons
  5 rakshasas
  10 anacondas
  An alligator (shapeshifter) (Vaults:5)
  A salamander tyrant (Snake:4)
  14 ironbound frosthearts
  2 merfolk avatars
  A catoblepas (Lair:5)
  13 boulder beetles
  14 centaur warriors
  4 two-headed ogres
  5 satyrs (Shoals:4)
  29 dancing weapons
  2 ogre magi
  A merfolk aquamancer (Shoals:1)
  An alligator snapping turtle (Shoals:3)
  5 tengu warriors
  6 deep troll earth magi
  13 naga warriors
  10 deep troll shamans
  4 hell hogs (Abyss:3)
  A spriggan berserker (Depths:2)
  3 occultists
  A vampire mage (Depths:2)
  3 thrashing horrors
  22 death yaks
  4 orc high priests
  14 deep elf knights
  3 demonic crawlers
  3 shock serpents
  Sonja (Lair:1)
  9 naga sharpshooters
  Amaemon (Lair:1)
  Nergalle (Orc:1)
  5 sun demons
  7 skysharks
  5 wretched stars
  2 fire crabs (Lair:4)
  A shadow wraith (Vaults:5)
  A sixfirhy (Abyss:3)
  A skyshark (shapeshifter) (Vaults:5)
  10 iron trolls
  A mana viper (shapeshifter) (Vaults:5)
  3 salamander mystics (Snake:4)
  9 sea snakes
  5 arcanists
  4 naga ritualists
  7 large abominations
  A glowing orange brain (shapeshifter) (Vaults:5)
  3 flayed ghosts
  A shadow dragon zombie (Depths:1)
  63 deep trolls
  18 mana vipers
  A kraken simulacrum (Shoals:4)
  2 glowing orange brains
  9 lindwurms
  A sun moth (shapeshifter) (Elf:1)
  17 starcursed masses (Abyss:3)
  11 phantasmal warriors
  13 deep elf archers
  2 obsidian statues
  15 harpies
  23 ironbound convokers
  2 necromancers
  12 orc knights
  15 fauns
  A shining eye (shapeshifter) (Vaults:5)
  38 ugly things
  24 deep elf pyromancers
  A sphinx simulacrum (Depths:1)
  6 orc sorcerers
  6 shining eyes
  15 manticores
  An oklob plant (Lair:3)
  10 cyclopes
  21 deep elf zephyrmancers
  A frost giant zombie (Depths:1)
  A salamander (shapeshifter) (Vaults:5)
  21 moths of wrath
  17 salamanders
  3 meliai (D:14)
  17 naga magi
  8 elephants
  4 kobold blastminers
  A worldbinder (Abyss:3)
  34 black mambas
  2 black mambas (shapeshifter) (D:14)
  13 merfolk sirens
  21 vault sentinels
  12 guardian serpents
  An eye of devastation (Slime:5)
  6 water nymphs
  2 gargoyles (D:14)
  A torpor snail (shapeshifter) (Vaults:5)
  A cane toad (shapeshifter) (Elf:1)
  An eye of devastation (shapeshifter) (Vaults:5)
  3 orange demons
  9 cane toads
  4 smoke demons
  2 ice statues (IceCv)
  8 torpor snails
  4 unseen horrors
  A rime drake (shapeshifter) (Abyss:3)
  10 komodo dragons
  An unseen horror (shapeshifter) (Elf:2)
  36 yaktaurs
  A tormentor (Zot:1)
  3 kobold demonologists (D:11)
  7 rime drakes
  2 freezing wraiths
  5 ancient zymes
  A red devil (Depths:1)
  10 trolls
  2 ice devils
  6 tengu conjurers
  A hellwing (Gauntlet)
  2 polar bears
  A spriggan skeleton (Depths:1)
  28 merfolk
  4 hornets
  4 wind drakes
  7 raiju
  8 saltlings (Orc:2)
  13 blink frogs
  12 snapping turtles
  5 glass eyes
  9 dream sheep
  A culicivora (shapeshifter) (Vaults:4)
  A jumping spider (Vaults:4)
  94 slime creatures
  19 small abominations
  6 shadows
  3 air elementals
  6 wraiths
  8 water elementals
  A spriggan (Depths:2)
  2 wyverns (Lair:4)
  A human (D:14)
  A spriggan (shapeshifter) (Depths:2)
  4 ynoxinuls
  A vampire (D:14)
  5 basilisks
  A black mamba skeleton (Abyss:3)
  A fire elemental (Elf:1)
  2 wargs (Orc:2)
  53 yaks
  4 hogs (D:14)
  A human (shapeshifter) (D:15)
  2 steam dragons
  6 redbacks
  15 vampire mosquitoes
  4 chaos spawn
  3 neqoxecs (Abyss:3)
  Menkaure (D:5)
  47 nagas
  A naga (shapeshifter) (D:15)
  2 acid dragons
  20 water moccasins
  3 sky beasts
  25 orc warriors
  5 black bears
  5 laughing skulls (Abyss:1)
  12 boggarts
  5 ice beasts
  25 wolves
  10 ogres
  10 centaurs
  A phantom (D:7)
  2 kobold brigands
  9 bullfrogs
  4 earth elementals
  4 gnoll sergeants
  4 scorpions
  A glowing shapeshifter simulacrum (Depths:1)
  19 wights
  A lindwurm simulacrum (IceCv)
  4 killer bees (D:7)
  5 howler monkeys
  2 electric eels (Lair:2)
  8 jellies
  A quasit (Abyss:3)
  4 komodo dragon simulacra (IceCv)
  2 bombardier beetles
  2 gnoll boudas
  16 orc priests
  3 hounds
  2 iron imps (Abyss:1)
  3 sleepcaps
  6 iguanas
  Natasha (thrice) (D:4)
  8 orc wizards
  25 gnolls
  9 acid dragon simulacra (IceCv)
  7 adders
  4 shadow imps
  3 white imps
  3 ufetubi
  7 steam dragon simulacra (IceCv)
  5 ribbon worms
  2 dart slugs
  75 orcs
  12 ball pythons
  10 endoplasms
  A giant cockroach (D:4)
  A goblin (D:1)
  3 hobgoblins
  9 kobolds
  4 quokkas
  8 bats
  3 frilled lizards
  5 rats
  An aspiring flesh (Zot:3)
  A lurking horror (Abyss:3)
  6 spectral weapons
  7 starspawn tentacles
2348 creatures vanquished.

Vanquished Creatures (collateral kills)
  A cacodemon (Abyss:1)
1 creature vanquished.

Vanquished Creatures (others)
  2 electric golems
  An Orb Guardian (Zot:5)
  A death cob (Zot:3)
  Donald (Snake:2)
  A deep elf zephyrmancer (Elf:2)
  A moth of wrath (Zot:3)
  3 humans (D:14)
  A centaur (D:12)
  2 lurking horrors (Abyss:3)
  55 spectral weapons
  9 starspawn tentacles
  2 tentacles (Shoals:4)
79 creatures vanquished.

Grand Total: 2428 creatures vanquished

Notes
Turn   | Place    | Note
-------+----------+-------------------------------------------
     0 | D:1      | arvidsem the Minotaur Fighter began the quest for the Orb.
     0 | D:1      | Reached XP level 1. HP: 19/19 MP: 0/0
    79 | D:1      | Reached XP level 2. HP: 25/27 MP: 1/1
   766 | D:2      | Upgraded the game from 0.31-a0-1300-gb6740aa4e6 to
                  | 0.31-a0-1611-g890cdf5628
   789 | D:2      | Reached XP level 3. HP: 30/33 MP: 2/2
   914 | D:2      | Found a shimmering altar of Xom.
  1362 | D:2      | Found a faded altar of an unknown god.
  1880 | D:3      | Reached XP level 4. HP: 39/40 MP: 3/3
  2535 | D:4      | Noticed an ogre
  2542 | D:4      | Killed an ogre
  2543 | D:4      | Reached XP level 5. HP: 47/47 MP: 4/4
  2735 | D:4      | Noticed Natasha
  2745 | D:4      | Killed Natasha
  2746 | D:4      | Reached skill level 5 in Axes
  2824 | D:4      | Noticed Natasha
  2830 | D:4      | Reached XP level 6. HP: 30/55 MP: 5/5
  2830 | D:4      | Killed Natasha
  2833 | D:4      | Reached skill level 5 in Fighting
  2833 | D:4      | Reached skill level 5 in Shields
  2836 | D:4      | Reached skill level 5 in Armour
  3013 | D:4      | Found Pituitin's Antique Weapon Shop.
  3106 | D:4      | Noticed Natasha
  3112 | D:4      | Killed Natasha
  3175 | D:5      | Entered Level 5 of the Dungeon
  3197 | D:5      | Found a staircase to the Ecumenical Temple.
  3206 | Temple   | Entered the Ecumenical Temple
  3217 | Temple   | Became a worshipper of Qazlal Stormbringer
  3359 | D:5      | Found Wigoxa's General Store.
  3408 | D:5      | Reached XP level 7. HP: 52/61 MP: 6/6
  3533 | D:5      | Identified the +10 battleaxe "Iceuch" {freeze, rN+}
  3703 | D:5      | Noticed Menkaure
  3708 | D:5      | HP: 3/63 [Menkaure (15)]
  3709 | D:5      | Killed Menkaure
  4115 | D:5      | Reached XP level 8. HP: 68/71 MP: 7/7
  4399 | D:6      | Reached * piety under Qazlal
  4958 | D:6      | Reached XP level 9. HP: 25/80 MP: 8/8
  4991 | D:6      | Reached skill level 10 in Axes
  5146 | D:6      | Gained mutation: Your flesh is cold resistant. (rC+)
                  | [potion of mutation]
  5146 | D:6      | Gained mutation: You are partially covered in iridescent
                  | scales. (AC +2) [potion of mutation]
  5372 | D:7      | Reached ** piety under Qazlal
  6412 | D:8      | Reached *** piety under Qazlal
  6417 | D:8      | Reached skill level 1 in Invocations
  6606 | D:8      | Reached XP level 10. HP: 91/91 MP: 9/9
  6695 | D:8      | Found a staircase to the Lair.
  7442 | D:9      | Found a transporter.
  7449 | D:9      | Found a transporter.
  7467 | D:9      | Found a transporter.
  7793 | D:9      | Found a transporter.
  7859 | D:9      | Reached skill level 10 in Fighting
  8085 | D:10     | Entered Level 10 of the Dungeon
  8217 | D:10     | Reached skill level 10 in Armour
  8298 | D:10     | Found an opulent altar of Gozag.
  8298 | D:10     | Found an ancient bone altar of Kikubaaqudgha.
  8298 | D:10     | Found a blossoming altar of Fedhas.
  8472 | D:10     | Noticed a two-headed ogre
  8487 | D:10     | Killed a two-headed ogre
  8488 | D:10     | Reached XP level 11. HP: 101/101 MP: 11/13
  8839 | D:11     | Reached **** piety under Qazlal
  8988 | D:11     | Found a frozen archway.
  9002 | D:11     | Noticed a soul eater
  9040 | D:11     | Reached ***** piety under Qazlal
  9069 | IceCv    | Entered an ice cave
  9073 | IceCv    | Reached skill level 5 in Invocations
  9182 | IceCv    | Identified the ring of the Sun {rElec Str+6 Dex+3}
  9392 | IceCv    | Noticed an ice dragon
  9398 | IceCv    | Killed an ice dragon
  9399 | IceCv    | Reached skill level 15 in Axes
  9578 | IceCv    | Identified the ring of the Insatiable Lies {Ice Int+3}
  9942 | D:11     | Found a staircase to the Orcish Mines.
 10047 | Lair:1   | Entered Level 1 of the Lair of Beasts
 10135 | Lair:1   | Reached XP level 12. HP: 112/112 MP: 14/14
 10135 | Lair:1   | Noticed Amaemon
 10145 | Lair:1   | Killed Amaemon
 10185 | Lair:1   | Noticed Sonja
 10187 | Abyss:1  | Cast into level 1 of the Abyss (Sonja)
 10246 | Abyss:1  | Noticed a tentacled starspawn
 10255 | Abyss:1  | Killed a tentacled starspawn
 10315 | Abyss:1  | Noticed a cacodemon
 10330 | Abyss:1  | Killed a cacodemon
 10354 | Abyss:1  | HP: 3/84 [laughing skull (5)]
 10382 | Abyss:1  | Found a corrupted altar of Lugonu.
 10386 | Abyss:1  | Noticed a starcursed mass
 10387 | Lair:1   | Escaped the Abyss
 10387 | Lair:1   | HP: 3/103 [asphyx]
 10390 | Lair:1   | Killed Sonja
 10852 | Lair:1   | Noticed a boulder beetle
 10862 | Lair:1   | Killed a boulder beetle
 11251 | Lair:1   | Reached XP level 13. HP: 99/122 MP: 15/15
 12191 | Lair:2   | Found a staircase to the Shoals.
 12567 | Lair:3   | Found a gate leading to a gauntlet.
 12588 | Gauntlet | Entered a Gauntlet
 12588 | Gauntlet | Found a transporter.
 12588 | Gauntlet | Found a transporter.
 12588 | Gauntlet | Found a transporter.
 12592 | Gauntlet | Found a transporter.
 12592 | Gauntlet | Found a transporter.
 12592 | Gauntlet | Found a transporter.
 12606 | Gauntlet | Found a transporter.
 12606 | Gauntlet | Found a transporter.
 12615 | Gauntlet | Noticed a reaper
 12616 | Gauntlet | Found a transporter.
 12718 | Gauntlet | Found a transporter.
 12722 | Gauntlet | Found a transporter.
 12732 | Gauntlet | Found a transporter.
 12860 | Gauntlet | Identified the +1 cloak of Inviolability {rC+ Dex+2}
 13033 | Gauntlet | Killed a reaper
 13039 | Gauntlet | Reached ****** piety under Qazlal
 13139 | Gauntlet | Noticed a minotaur
 13144 | Gauntlet | Killed a minotaur
 13179 | Gauntlet | Identified the +3 leather armour "Gifrydda" {Int+3}
 13226 | Lair:3   | Reached XP level 14. HP: 117/133 MP: 16/18
 13268 | Lair:3   | Found a staircase to the Snake Pit.
 13470 | Lair:3   | Identified the +1 long sword of Dupnur {speed, rElec rF-
                  | MP+9 Str+3}
 14151 | Lair:4   | Reached skill level 15 in Fighting
 14194 | Lair:4   | Reached skill level 15 in Armour
 14435 | Lair:4   | Identified the ring of Vyvawn Vaseu {rElec Will+ Str+3
                  | Slay+3}
 14837 | Lair:5   | Entered Level 5 of the Lair of Beasts
 15102 | Lair:5   | Reached XP level 15. HP: 129/144 MP: 20/20
 15247 | Lair:5   | Found a viscous altar of Jiyva.
 15251 | Lair:5   | Found a staircase to the Slime Pits.
 15391 | Lair:5   | Identified the +1 robe "Repnub" {Int+3}
 15848 | Orc:1    | Entered Level 1 of the Orcish Mines
 15859 | Orc:1    | Noticed Josephine
 15870 | Orc:1    | Killed Josephine
 16003 | Orc:2    | Entered Level 2 of the Orcish Mines
 16234 | Orc:2    | Found Sinai's Distillery.
 16260 | Orc:2    | Found a staircase to the Elven Halls.
 16348 | Orc:2    | Reached skill level 10 in Invocations
 16420 | Orc:2    | Found Wexuxzio's General Store.
 16458 | Orc:2    | Found Farel's Weapon Boutique.
 16517 | Orc:2    | Found Zyrchufis's Weapon Boutique.
 16525 | Orc:2    | Bought a +0 broad axe of electrocution for 192 gold pieces
 16612 | Orc:2    | Found Ruplejel's Magic Scroll Emporium.
 16618 | Orc:2    | Bought a scroll of blinking for 112 gold pieces
 16618 | Orc:2    | Bought a scroll of enchant armour for 112 gold pieces
 16618 | Orc:2    | Bought a scroll of teleportation for 45 gold pieces
 16618 | Orc:2    | Bought a scroll of teleportation for 45 gold pieces
 16618 | Orc:2    | Bought a scroll of teleportation for 45 gold pieces
 16990 | Orc:1    | Noticed Nergalle
 17000 | Orc:1    | Killed Nergalle
 17995 | D:12     | Noticed Nessos
 17999 | D:12     | Killed Nessos
 18613 | D:13     | Reached XP level 16. HP: 157/157 MP: 23/23
 18994 | D:14     | Noticed Frances
 19004 | D:14     | Killed Frances
 19106 | D:14     | Noticed Kirke
 19116 | D:14     | Killed Kirke
 19147 | D:14     | Found an ornate altar of the Wu Jian Council.
 19443 | D:14     | Found a gate to the Vaults.
 19818 | Snake:1  | Entered Level 1 of the Snake Pit
 19948 | Snake:1  | Found Vulu's Antique Weapon Shoppe.
 19954 | Snake:1  | Found Losakob's Jewellery Shoppe.
 19954 | Snake:1  | Found Xuxt's General Store.
 19962 | Snake:1  | Found Synod's Armour Emporium.
 20039 | Snake:1  | Found a shadowy altar of Dithmenos.
 20253 | Snake:1  | Found Koolalugh's Tremendous Tomes.
 20594 | Snake:1  | Found a large runed translucent door.
 20595 | Snake:1  | Found a large runed translucent door.
 20599 | Snake:1  | Noticed Ewuvia's ghost (adept FeSh)
 20849 | Snake:1  | Killed Ewuvia's ghost
 20923 | Snake:2  | Noticed Nikola
 20932 | Snake:2  | Noticed Donald
 20937 | Snake:2  | Killed Donald
 20938 | Snake:2  | Killed Nikola
 20939 | Snake:2  | Identified the serpent talisman of Polish {rElec rCorr
                  | Dex-5 Stlth+}
 20939 | Snake:2  | Noticed Aizul
 20948 | Snake:2  | Killed Aizul
 21232 | Snake:2  | Found Wannuc's Book Shoppe.
 21622 | Snake:3  | Reached XP level 17. HP: 168/168 MP: 25/25
 22188 | Snake:3  | Found Kuamme's Weapon Boutique.
 22202 | Snake:3  | Noticed Saint Roka
 22217 | Snake:3  | Killed Saint Roka
 22861 | Snake:4  | Entered Level 4 of the Snake Pit
 23029 | Snake:4  | Found Kyast's General Store.
 23033 | Snake:4  | Found Louricwe's Magic Scroll Boutique.
 23034 | Snake:4  | Found Rufel's Magic Scroll Shop.
 23037 | Snake:4  | Bought a scroll of brand weapon for 142 gold pieces
 23039 | Snake:4  | Bought a scroll of enchant armour for 120 gold pieces
 23039 | Snake:4  | Bought a scroll of enchant armour for 120 gold pieces
 23041 | Snake:4  | Bought a scroll of enchant armour for 82 gold pieces
 23041 | Snake:4  | Bought a scroll of revelation for 82 gold pieces
 23214 | Snake:3  | Bought a +2 broad axe of venom for 285 gold pieces
 24247 | Snake:4  | Got a serpentine rune of Zot
 24571 | Snake:4  | Bought a potion of heal wounds for 75 gold pieces
 24687 | Snake:1  | Bought a ring of flight for 210 gold pieces
 24782 | Shoals:1 | Entered Level 1 of the Shoals
 24788 | Shoals:1 | Found a transporter.
 24789 | Shoals:1 | Found a transporter.
 24836 | Shoals:1 | Reached XP level 18. HP: 134/180 MP: 28/28
 24975 | Shoals:1 | Reached skill level 15 in Invocations
 25113 | Shoals:1 | Found a transporter.
 25115 | Shoals:1 | Found a transporter.
 25177 | Shoals:1 | Found a transporter.
 25179 | Shoals:1 | Found a transporter.
 26294 | Shoals:3 | Found a runed translucent gate.
 26294 | Shoals:3 | Noticed avis's ghost (adept FeSh)
 26295 | Shoals:3 | Found a runed translucent gate.
 26296 | Shoals:3 | Found a runed translucent gate.
 26299 | Shoals:3 | Found Nefad's Assorted Antiques.
 27110 | Shoals:3 | Killed avis's ghost
 27274 | Shoals:3 | Bought a potion of resistance for 380 gold pieces
 27288 | Shoals:4 | Entered Level 4 of the Shoals
 27306 | Shoals:4 | Identified the ring "Remnit" {rElec MP+9}
 27325 | Shoals:4 | Noticed Ilsuiw
 27345 | Shoals:4 | Killed Ilsuiw
 27810 | Shoals:4 | Got the Exposition on Frost and the Band
 28127 | Shoals:4 | Identified the +5 plate armour of Restlessness {^Drain
                  | +Blink Int-2 Slay+5 SInv}
 28351 | Shoals:4 | Got a barnacled rune of Zot
 28877 | Elf:1    | Entered Level 1 of the Elven Halls
 28913 | Elf:1    | Noticed a Hell Sentinel
 29067 | Elf:1    | Noticed Norris
 29082 | Elf:1    | Killed Norris
 29083 | Elf:1    | Reached XP level 19. HP: 108/193 MP: 10/29
 29325 | Elf:1    | Found Taseopy's Jewellery Emporium.
 29344 | Elf:1    | Paralysed by an air elemental for 1 turns
 29472 | Elf:1    | Noticed Asterion
 29474 | Elf:1    | Gained mutation: You are dopey. (Int -2) [a cacodemon]
 29479 | Elf:1    | Gained mutation: You are weak. (Str -2) [a cacodemon]
 29491 | Elf:1    | Gained mutation: You are clumsy. (Dex -2) [a cacodemon]
 29492 | Elf:1    | Killed Asterion
 29567 | Elf:1    | Got Ciaq's Enchiridion on the Boggart
 30070 | Elf:1    | Lost mutation: Your flesh is cold resistant. (rC+) [potion
                  | of mutation]
 30070 | Elf:1    | Lost mutation: You are clumsy. (Dex -2) [potion of
                  | mutation]
 30070 | Elf:1    | Lost mutation: You are weak. (Str -2) [potion of mutation]
 30070 | Elf:1    | Gained mutation: You occasionally lose the ability to read
                  | scrolls when taking damage. [potion of mutation]
 30070 | Elf:1    | Lost mutation: You are dopey. (Int -2) [potion of mutation]
 30071 | Elf:1    | Lost mutation: You are partially covered in iridescent
                  | scales. (AC +2) [potion of mutation]
 30071 | Elf:1    | Lost mutation: You occasionally lose the ability to read
                  | scrolls when taking damage. [potion of mutation]
 30071 | Elf:1    | Gained mutation: Your muscles are strong. (Str +4, Int/Dex
                  | -1) [potion of mutation]
 30271 | Elf:2    | Found a runed translucent gate.
 30272 | Elf:2    | Found a runed translucent gate.
 30272 | Elf:2    | Found a runed translucent gate.
 31200 | D:15     | Entered Level 15 of the Dungeon
 31439 | D:15     | Found a staircase to the Depths.
 31913 | D:15     | Found Forghu Loim's Jewellery Emporium.
 32256 | Depths:1 | Entered Level 1 of the Depths
 32360 | Depths:1 | Found a gateway to Hell.
 32463 | Depths:1 | Found a one-way gateway to a ziggurat.
 32636 | Depths:1 | Reached XP level 20. HP: 190/207 MP: 30/30
 32875 | Depths:1 | Found Ownagima's General Store.
 32875 | Depths:1 | Found Ytumn's Specific Store.
 32892 | Depths:1 | Bought a scroll of enchant armour for 120 gold pieces
 33097 | Depths:1 | Found a one-way gate to the infinite horrors of the Abyss.
 33375 | Depths:2 | Found a one-way gate leading to the halls of Pandemonium.
 34000 | Depths:2 | Noticed a golden dragon
 34007 | Depths:2 | Killed a golden dragon
 34532 | Depths:3 | Reached XP level 21. HP: 186/217 MP: 31/31
 34561 | Depths:3 | Upgraded the game from 0.31-a0-1611-g890cdf5628 to
                  | 0.31-a0-1616-gbeaec30b81
 34580 | Depths:3 | Identified the +1 ring mail of Winter {rPois rCorr Dex+3}
 35584 | Depths:4 | Entered Level 4 of the Depths
 35592 | Depths:4 | Noticed a golden dragon
 35600 | Depths:4 | Killed a golden dragon
 35848 | Depths:4 | Found a gate to the Realm of Zot.
 35970 | Depths:4 | Found a portal to a secret trove of treasure.
 36206 | Depths:4 | Identified the +2 whip "Beastslayer" {flame, rElec MP+9
                  | Dex+3}
 36703 | Vaults:1 | Entered Level 1 of the Vaults
 37182 | Vaults:1 | Identified the +0 robe of Hairiness {rN+}
 37894 | Vaults:2 | Reached XP level 22. HP: 128/231 MP: 32/32
 38235 | Vaults:2 | Noticed Mennas
 38250 | Vaults:2 | Killed Mennas
 38919 | Vaults:3 | Noticed Mara
 38922 | Vaults:3 | Noticed arvidsem's illusion
 38925 | Vaults:3 | Killed Mara
 38926 | Vaults:3 | Reached skill level 27 in Fighting
 38949 | Vaults:3 | Reached skill level 27 in Armour
 38953 | Vaults:3 | Reached skill level 1 in Dodging
 39566 | Vaults:3 | Reached skill level 5 in Dodging
 39672 | Vaults:3 | Found Cuor's Jewellery Boutique.
 40187 | Vaults:3 | Found a staircase to the Crypt.
 40187 | Vaults:3 | Found a basalt altar of Yredelemnul.
 40187 | Vaults:3 | Found an ancient bone altar of Kikubaaqudgha.
 41645 | Vaults:5 | Entered Level 5 of the Vaults
 41647 | Vaults:5 | Reached XP level 23. HP: 240/240 MP: 24/33
 41649 | Vaults:5 | Paralysed by a sphinx for 2 turns
 41662 | Vaults:5 | Reached skill level 10 in Dodging
 41673 | Vaults:5 | Noticed a dread lich
 41678 | Vaults:4 | HP: 11/240 [stone giant (15)]
 41907 | Vaults:5 | Identified the +7 longbow of War {elec, rF+ Str+4 SInv}
 41910 | Vaults:5 | Killed a dread lich
 42118 | Vaults:5 | Identified the +9 trident "Labraal" {heavy, Will- Dex+6
                  | Stlth+}
 42400 | Vaults:5 | Reached skill level 27 in Axes
 42400 | Vaults:5 | Reached skill level 1 in Ranged Weapons
 42424 | Vaults:5 | Found the +7 captain's cutlass {speed, disarm}
 42453 | Vaults:5 | Identified the +2 long sword "Zoir Wue" {venom, +Blink rC-
                  | rCorr SInv}
 42482 | Vaults:5 | Identified the +0 chain mail of Duerud {Stlth+}
 42622 | Vaults:5 | Found the +8 demon blade "Leech" {evervamp, Harm ^Drain
                  | rN+}
 42640 | Vaults:5 | Identified the +2 pair of gloves of Moral Flaws {+Blink
                  | Will- Regen+ Dex+7}
 42769 | Vaults:5 | Got a silver rune of Zot
 42801 | Vaults:5 | Got the Handbook of the Hornet and Transportation
 42832 | Vaults:5 | Identified the +0 helmet of Courage {Int+4 Dex+3 SInv
                  | Stlth+}
 42944 | Vaults:5 | Identified the ring of Hard Scrabble {Ice Str+2 Int+3}
 43012 | Vaults:5 | Identified the +0 scale mail of Goan {rElec Dex+2 SInv}
 43614 | Slime:1  | Entered Level 1 of the Pits of Slime
 43653 | Slime:1  | You fall into a shaft and drop 1 floor!
 44395 | Slime:3  | Gained mutation: You are dopey. (Int -2) [a shining eye]
 44590 | Slime:3  | Reached XP level 24. HP: 249/249 MP: 33/33
 44591 | Slime:3  | Gained mutation: Potions are less effective at restoring
                  | your health. [a shining eye]
 44596 | Slime:3  | Gained mutation: You are strong-willed. (Will+) [a shining
                  | eye]
 44603 | Slime:3  | Reached skill level 5 in Ranged Weapons
 45328 | Slime:4  | Lost mutation: You are strong-willed. (Will+) [potion of
                  | mutation]
 45328 | Slime:4  | Lost mutation: Potions are less effective at restoring your
                  | health. [potion of mutation]
 45328 | Slime:4  | Lost mutation: You are dopey. (Int -2) [potion of mutation]
 45328 | Slime:4  | Gained mutation: You are clumsy. (Dex -2) [potion of
                  | mutation]
 45328 | Slime:4  | Lost mutation: You are clumsy. (Dex -2) [potion of
                  | mutation]
 45333 | Slime:5  | Entered Level 5 of the Pits of Slime
 45416 | Slime:5  | Noticed the Royal Jelly
 45421 | Slime:5  | Killed the Royal Jelly
 45439 | Slime:5  | Reached skill level 15 in Dodging
 45657 | Slime:5  | Got the Parchment of Vile Interference
 45691 | Slime:5  | Got Dehor's Book of the Glowing Storm
 45741 | Slime:5  | Identified the +0 leather armour "Rycs" {rF+ rN+}
 45769 | Slime:5  | Got a slimy rune of Zot
 45771 | Slime:5  | Identified the +4 battleaxe of Watchfulness {heavy, rF+}
 45832 | Slime:5  | Identified the +1 ring mail of the Fletcher {rElec rC++
                  | Str+3 Int-2}
 45877 | Slime:5  | Identified the +7 chain mail "Mohoigh Ygow" {rPois rC++
                  | Int+3}
 46728 | Depths:4 | You showed the slimy rune of Zot to enter a treasure trove
 46729 | Trove    | Entered a treasure trove
 46731 | Trove    | Found a bloodstained altar of Trog.
 46754 | Trove    | Found the +8 longbow "Zephyr" {speed, Dex+3 SInv}
 46760 | Trove    | Identified the +7 hand axe "Dutoful" {flame, Dex+2}
 46786 | Trove    | Identified the +7 triple crossbow of Lenalot {heavy, Will++
                  | Stlth+}
 46875 | Depths:4 | Voluntarily entered the Abyss.
 46962 | Abyss:3  | Found a corrupted altar of Lugonu.
 46968 | Abyss:3  | Found a corrupted altar of Lugonu.
 46997 | Abyss:3  | Found a corrupted altar of Lugonu.
 47007 | Abyss:3  | Found a corrupted altar of Lugonu.
 47262 | Abyss:3  | Gained mutation: Your health recovers twice as slowly from
                  | being drained. [a neqoxec]
 47265 | Abyss:3  | Reached skill level 10 in Ranged Weapons
 47320 | Abyss:3  | HP: 8/249 [tentacled monstrosity (6)]
 47324 | Depths:4 | Escaped the Abyss
 47533 | Depths:4 | Lost mutation: Your muscles are strong. (Str +4, Int/Dex
                  | -1) [potion of mutation]
 47533 | Depths:4 | Lost mutation: Your health recovers twice as slowly from
                  | being drained. [potion of mutation]
 47533 | Depths:4 | Gained mutation: You occasionally lose the ability to drink
                  | potions when taking damage. [potion of mutation]
 47534 | Depths:4 | Lost mutation: You occasionally lose the ability to drink
                  | potions when taking damage. [potion of mutation]
 47534 | Depths:4 | Gained mutation: You are somewhat resistant to further
                  | mutation. [potion of mutation]
 47566 | Zot:1    | Entered Level 1 of the Realm of Zot
 47576 | Zot:1    | Found the +4 dragonskin cloak
 47576 | Zot:1    | Noticed Tiamat
 47587 | Zot:1    | Killed Tiamat
 47758 | Zot:1    | Noticed Vv
 47769 | Zot:1    | Killed Vv
 48038 | Zot:1    | Found a runed translucent gate.
 48038 | Zot:1    | Found a runed translucent gate.
 48038 | Zot:1    | Found a runed translucent gate.
 48040 | Zot:1    | Noticed ChongLi's ghost (veteran DsDe)
 48040 | Zot:1    | Noticed Feng's ghost (veteran OnBe)
 48056 | Zot:1    | Killed Feng's ghost
 48065 | Zot:1    | Killed ChongLi's ghost
 48081 | Zot:1    | Reached XP level 25. HP: 235/257 MP: 33/33
 49181 | Zot:2    | Identified the amulet "Ofamm" {Acrobat *Corrode rElec
                  | Will++ Dex+2}
 49613 | Zot:3    | Reached skill level 15 in Ranged Weapons
 50248 | Zot:4    | Identified the +1 pair of boots "Sathotab" {Regen+ Dex+2
                  | Stlth+}
 50481 | Zot:4    | Got the Omnibus of the Conflagrant Salvo
 50728 | Zot:4    | Identified the +5 dire flail "Demonbane" {elec, Fly Will+
                  | Dex-4 SInv}
 50830 | Zot:5    | Entered Level 5 of the Realm of Zot
 50830 | Zot:5    | Noticed a dread lich
 50830 | Zot:5    | Noticed an orb of fire
 50830 | Zot:5    | Noticed a dread lich
 50835 | Zot:5    | Noticed a dread lich
 50835 | Zot:5    | Noticed a Killer Klown
 50835 | Zot:5    | Noticed an orb of fire
 50836 | Zot:5    | Noticed a Killer Klown
 50837 | Zot:5    | Killed a dread lich
 50838 | Zot:5    | Noticed a dread lich
 50841 | Zot:5    | Killed an orb of fire
 50841 | Zot:5    | Killed a dread lich
 50842 | Zot:5    | Reached XP level 26. HP: 140/266 MP: 33/33
 50842 | Zot:5    | Killed an orb of fire
 50848 | Zot:5    | Killed a dread lich
 50848 | Zot:5    | Killed a dread lich
 50870 | Zot:5    | Noticed an ancient lich
 50872 | Zot:5    | Noticed a dread lich
 50875 | Zot:5    | Noticed a dread lich
 50878 | Zot:5    | Killed an ancient lich
 50886 | Zot:5    | Killed a dread lich
 50889 | Zot:5    | Killed a dread lich
 50933 | Zot:5    | Noticed an orb of fire
 50940 | Zot:5    | Killed an orb of fire
 51084 | Zot:5    | Identified the ring "Iqenet" {rElec rC+ Int-2 Dex+7 Slay+2}
 51600 | Zot:5    | Noticed an orb of fire
 51606 | Zot:5    | Gained mutation: You have very sharp teeth. [an orb of
                  | fire]
 51608 | Zot:5    | Killed an orb of fire
 51875 | Zot:5    | Got the Orb of Zot
 51885 | Zot:5    | Noticed Romeih the pandemonium lord
 51895 | Zot:5    | Killed Romeih the pandemonium lord
 52065 | Zot:1    | Noticed Xowas the pandemonium lord
 52664 | D:$      | Escaped with the Orb!

Illustrated notes

Levels and vault maps discovered:
D:1:      minmay_arrival_arboretum_large, layout_basic
D:2:      layout_loops_corners, basic_altar, shapermc_ecumenical_altar_petra
D:3:      layout_basic, grunt_ministairs_4
D:4:      layout_basic, serial_shops, shop, uniq_natasha
D:5:      layout_gridville, minmay_temple_entry_waves, serial_shops,
          nicolae_shop_tiny_real_fake_doors, minmay_manual_mess, uniq_menkaure
D:6:      layout_basic, minmay_misc_feat_pillars, minmay_bent
D:7:      layout_cave_pools
D:8:      layout_layer_cave, lair_entry_dummy, nrook_mini_backslash
D:9:      layout_rooms, serial_glass, glass_columns_c, glass_columns_b,
          glass_columns_a, glass_columns_b, glass_columns_a, glass_columns_c,
          amcnicky_mini_rare_corridor_liquid, roderic_roman_lattice,
          minmay_tree_intersection, serial_park_tiny_1,
          nicolae_transporter_circle
D:10:     layout_roguey, gammafunk_temple_overflow_forgotten
D:11:     layout_roguey, david_orc_5, portal_ice_cave_entry_pillars_1
D:12:     minmay_triangles_in_corner, layout_cave_pods, lemuel_flamethrower_2,
          uniq_nessos
D:13:     layout_roguey
D:14:     layout_gridville, grunt_vaults_entry_fortified, minivault_16,
          nicolae_wu_jian_wuxing_cycle, uniq_frances, uniq_kirke
D:15:     hangedman_depths_entry_try_elsewhere_first, layout_loops_corners,
          serial_shops, shop_statue, chequers_serial_rivers_large_b,
          einodemon_crawler_minivault
Temple:   hellmonk_temple_of_storms
Lair:1:   layout_cellular_growth, nicolae_volcano_entry_s_turn,
          grunt_megastairs_5, uniq_sonja, uniq_amaemon
Lair:2:   layout_long_grid, elwin_shoals_entry_rooms, serial_bayou_shore_a
Lair:3:   layout_roguey, minmay_snake_entry_guardpost_medium,
          gauntlet_entry_generic, grunt_megastairs_3
Lair:4:   nzn_winding_woodlands_large [nzn_winding_woodlands_hourglass,
          nzn_winding_woodlands_5x15_twine, nzn_winding_woodlands_5x5_open_star,
          nzn_winding_woodlands_center_lodge,
          nzn_winding_woodlands_15x15_thick_spiral,
          nzn_winding_woodlands_center_diamonds,
          nzn_winding_woodlands_5x5_cross,
          nzn_winding_woodlands_5x15_sidewinder,
          nzn_winding_woodlands_5x5_perimeter], layout_loops_ring,
          nicolae_lair_lil_pond
Lair:5:   grunt_lair_end_beastmaster, layout_big_grid,
          nicolae_slime_entry_slimehenge, serial_forest,
          infiniplex_forest_zigzag_1, infiniplex_forest_clump_diagonal,
          infiniplex_forest_straight_1, infiniplex_forest_lined_4_way,
          infiniplex_forest_lined_2, infiniplex_forest_clump_diagonal,
          infiniplex_forest_corner_1, infiniplex_forest_lined_room_,
          infiniplex_forest_lined_3_way, lemuel_fruit_tree,
          infiniplex_staircase_pool
Shoals:1: layout_shoals, serial_nicolae_subway, nicolae_sub_station_crystal,
          nicolae_sub_station_metal, nicolae_sub_station_stone
Shoals:2: layout_shoals, nicolae_shoals_isolated_beach
Shoals:3: layout_shoals, ebering_ghost_gozag
Shoals:4: shoals_end_grunt_ice, layout_shoals, shoal_ilsuiw
Snake:1:  layout_grid_maze, ebering_ghost_disaster_area, basic_altar,
          nicolae_shop_i_like_big_books, serial_bayou_shore_b, minmay_shoptagon
Snake:2:  layout_cave_town, nicolae_stop_n_shop_1, uniq_nikola, uniq_aizul,
          uniq_donald
Snake:3:  layout_honeycomb, serial_shops, nicolae_shop_pleasant_corner_grove,
          st_stairs_6, uniq_saint_roka
Snake:4:  snake_pit_salamanders_mu, layout_chambers,
          nrook_guardian_serpent_double, minmay_shop_star
Slime:1:  layout_caves
Slime:2:  layout_caves
Slime:3:  layout_caves
Slime:4:  layout_caves
Slime:5:  slime_pit_nicolae_trefoil
Orc:1:    layout_caves, uniq_nergalle, uniq_josephine
Orc:2:    hellmonk_orc_salted, layout_diamond_mine, serial_shops, shop
Elf:1:    nicolae_elf_arrival_fired_up, layout_onion_city, serial_shops,
          nicolae_shop_back_alley_shop, minmay_elf_demonology, uniq_asterion,
          uniq_norris
Elf:2:    nicolae_elf_blades_crystal_corner, layout_geoelf_octagon
Vaults:1: nicolae_vaults_apartment_2, hangedman_vaults_locks,
          ontoclasm_vaults_loading_screen, vaults_standard_mumra_lines,
          vaults_room_pool, grunt_vaults_swirl, vaults_dpeg_emergency_exit,
          vaults_dpeg_diagonal, nicolae_vaults_apartment_1,
          nicolae_vaults_mini_display_case, layout_vaults_chaotic_city
Vaults:2: v_rooms_6, nicolae_vaults_ring_of_whatevers, v_pattern_3,
          hangedman_vaults_pinch, v_alt_pattern_6,
          serial_library_hellmonk_big_corner, vaults_mumra_minichess,
          nicolae_vaults_diamond_2, nicolae_vaults_closet_pinwheel_3,
          nicolae_vaults_little_squares_1, ontoclasm_vaults_ligature,
          nicolae_vaults_little_squares_5, nicolae_vaults_little_squares_4,
          layout_vaults_omnicross, uniq_mennas
Vaults:3: v_alt_pattern_5, v_rooms_1, vaults_dpeg_spiral,
          nicolae_vaults_tangram_2, hangedman_vaults_trim,
          vaults_room_mumra_shop_pool, grunt_vaults_trifunnel, v_alt_pattern_3,
          minmay_crypt_entry_necro_gods, ontoclasm_vaults_pinch,
          dpeg_vaults_monster_box, nicolae_vaults_sightless_eye,
          nicolae_vaults_variable_pillar_hall, layout_vaults_ring, uniq_mara
Vaults:4: ontoclasm_vaults_decontamination, v_pattern_2,
          nicolae_vaults_diagonal_hallway_7, v_misc_12,
          nicolae_vaults_tetromino_Z_1, v_misc_23,
          nicolae_vaults_windows_and_doors_thing,
          nicolae_vaults_little_squares_6, vaults_room_door_hall,
          nicolae_vaults_two_Ls, nicolae_vaults_tetromino_L_1,
          layout_vaults_quadrants
Vaults:5: serial_shops
Depths:1: layout_gridlike, enter_ziggurat_e, pf_hell_entry_tar_spiral,
          grunt_decor_cap, minmay_room_of_horrors, drop_trap,
          nicolae_specific_store, kennysheep_just_a_vault
Depths:2: grunt_runaround [grunt_runaround_loot, grunt_runaround_doors_1,
          grunt_runaround_doors_2, grunt_runaround_doors_3,
          grunt_runaround_doors_4], hell_entry, pan_entry
Depths:3: kennysheep_spiral_hall, layout_basic, pan_entry,
          nicolae_abyss_entry_one_way_or_another, lightli_too_deep
Depths:4: grunt_zot_entry_bicorn, layout_gridville, nicolae_trove_entry_crystal,
          hangedman_coc_ice_floe, minmay_misc_feat_columns, abyss_entry,
          hex_large
Zot:1:    layout_misc_corridors, gammafunk_ghost_cemetery, hangedman_zot_gyre,
          uniq_tiamat, uniq_vv
Zot:2:    layout_basic, grunt_ministairs_7
Zot:3:    layout_twisted_circle, regret_index_zotdec_banners
Zot:4:    layout_gridlike
Zot:5:    layout_misc_corridors, st_stairs_3

Skill      XL: |  1  2  3  4  5  6  7  8  9 10 11 12 13 14 15 16 17 18 19 20 21 22 23 24 25 26 |
---------------+-------------------------------------------------------------------------------+-----
Axes           | 3 4 5 6 7 9 12 13 15 17 19 20 22 24 25 27 | 27.0
Fighting       | 4 5 6 7 9 10 11 13 14 16 17 19 20 22 24 25 26 27 | 27.0
Shields        | 4 5 |  5.4
Armour         | 4 5 6 7 9 10 11 13 14 16 17 19 20 22 24 25 26 27 | 27.0
Invocations    | 1 4 5 6 9 11 13 14 15 | 15.0
Dodging        | 9 13 17 21 25 | 25.4
Ranged Weapons | 4 12 15 | 15.3

Action                     |  1- 3 |  4- 6 |  7- 9 | 10-12 | 13-15 | 16-18 | 19-21 | 22-24 | 25-27 || total
---------------------------+-------+-------+-------+-------+-------+-------+-------+-------+-------++-------
  Melee: War axe           |   101 |    88 |     5 |       |       |       |       |       |       ||   194
         Headbutt          |    12 |    12 |    22 |    54 |   158 |   205 |   206 |   194 |   127 ||   990
         Battleaxe         |       |       |   149 |   318 |   656 |   955 |   205 |       |       ||  2283
         Executioner's axe |       |       |       |       |       |       |   530 |   641 |   389 ||  1560
         Bite              |       |       |       |       |       |       |       |       |     5 ||     5
 Invoke: Disaster Area     |       |       |       |     1 |       |     1 |     2 |     4 |       ||     8
         Elemental Force   |       |       |       |     1 |       |       |       |       |       ||     1
         Upheaval          |       |       |       |       |       |     8 |       |     2 |       ||    10
    Use: Scroll            |     4 |     1 |     6 |     7 |     6 |     9 |     7 |     5 |     3 ||    48
         Potion            |     2 |     2 |     2 |     6 |       |       |     2 |     7 |     5 ||    26
   Stab: Distracted        |       |       |       |     1 |     1 |       |    10 |    16 |    14 ||    42
         Petrifying        |       |       |       |       |     1 |       |       |       |       ||     1
         Petrified         |       |       |       |       |     2 |       |       |       |       ||     2
 Armour: Scale mail        |    78 |    66 |    93 |       |       |       |       |       |       ||   237
         Plate armour      |       |       |    41 |    59 |       |       |       |       |       ||   100
         Chain mail        |       |       |       |    64 |       |       |       |       |       ||    64
         Crystal plate arm |       |       |       |   103 |   453 |   835 |   674 |   453 |   310 ||  2828
  Dodge: Dodged            |    48 |    53 |   101 |   135 |   160 |   273 |   200 |   248 |   228 ||  1446
         Repelled          |       |       |       |     4 |     5 |    25 |     9 |    11 |    26 ||    80
  Block: Buckler           |    29 |    21 |       |       |       |       |       |       |       ||    50
         Other             |       |       |    13 |    61 |   132 |   272 |   158 |   141 |    78 ||   855

Table legend: (Time is in decaauts)
 A = Elapsed time spent in this place.
 B = Non-inter-level travel time spent in this place.
 C = Inter-level travel time spent in this place.
 D = Time resting spent in this place.
 E = Time spent auto-exploring this place.
 F = Levels seen in this place.
 G = Mean time per level.
                   A        B        C        D        E       F      G
               +--------+--------+--------+--------+--------+-----+--------+
         Total |  51840 |  46768 |   5072 |   1543 |  36381 |  59 |  878.6 |
       Dungeon |  14277 |  12704 |   1573 |    200 |  10649 |  15 |  951.8 |
        Temple |     22 |      1 |     21 |      0 |      0 |   1 |   22.0 |
          Lair |   5060 |   4291 |    769 |     74 |   3503 |   5 | 1012.0 |
        Shoals |   3680 |   3356 |    324 |    138 |   2535 |   4 |  920.0 |
     Snake Pit |   4773 |   4352 |    421 |      0 |   3555 |   4 | 1193.2 |
    Slime Pits |   2688 |   2418 |    270 |    150 |   1795 |   5 |  537.6 |
  Orcish Mines |   1543 |   1269 |    274 |      0 |    994 |   2 |  771.5 |
   Elven Halls |   2110 |   2002 |    108 |      0 |   1568 |   2 | 1055.0 |
        Vaults |   6515 |   6196 |    319 |    383 |   4854 |   5 | 1303.0 |
        Depths |   5006 |   4275 |    731 |    313 |   3191 |   4 | 1251.5 |
           Zot |   4241 |   3983 |    258 |    273 |   2739 |   5 |  848.2 |
         Abyss |    618 |    618 |      0 |     12 |    204 |   4 |  154.5 |
         Trove |    100 |    100 |      0 |      0 |      2 |   1 |  100.0 |
      Ice Cave |    619 |    619 |      0 |      0 |    442 |   1 |  619.0 |
      Gauntlet |    583 |    583 |      0 |      0 |    348 |   1 |  583.0 |
               +--------+--------+--------+--------+--------+-----+--------+

Top non-repeatable levels by time:
Vaults:4: 1937 daAuts
     D:8: 1815 daAuts
 Snake:4: 1558 daAuts
Depths:4: 1439 daAuts
 Snake:3: 1363 daAuts
Vaults:3: 1327 daAuts
Depths:2: 1325 daAuts
  Lair:1: 1269 daAuts
   Elf:1: 1217 daAuts
Shoals:4: 1210 daAuts
     D:2: 1170 daAuts
 Snake:1: 1168 daAuts
     D:6: 1163 daAuts
    D:15: 1155 daAuts
Depths:3: 1121 daAuts
